 Dungeon Crawl Stone Soup version 0.26-b1-32-g5d43845318 (webtiles) character file.

Game seed: 3962253151032568258

18363 Arum the Fighter (level 12, -13/103 HPs)
             Began as a Formicid Fighter on Jan 8, 2021.
             Was an Initiate of Gozag.
             Mangled by a slime creature (22 damage)
             ... on level 12 of the Dungeon.
             The game lasted 00:20:29 (13875 turns).

Arum the Fighter (Formicid Fighter)                Turns: 13875, Time: 00:20:30

Health: -13/103    AC: 20    Str: 23    XL:     12   Next: 94%
Magic:  12/12      EV:  9    Int:  9    God:    Gozag
Gold:   1606       SH: 12    Dex: 18    Spells: 11/11 levels left

rFire    x . .     SeeInvis +   r - +4 quarterstaff (chaos)
rCold    + + .     Faith    .   T - +0 kite shield {rN+}
rNeg     + + .     Spirit   .   F - +0 ice dragon scales of Ivviuwn {+Fly rPois rF- rC++} (curse)
rPois    +         Reflect  .   (helmet unavailable)
rElec    .         Harm     .   s - +0 cloak {rCorr}
rCorr    +         Rampage  .   i - +2 pair of gloves
Will     +....                  D - +0 pair of boots {Fly}
Stlth    ..........             (no amulet)
HPRegen  0.27/turn              k - ring of positive energy
MPRegen  0.13/turn              x - +6 ring of dexterity

@: gold aura, flying
A: permanent stasis, dig shafts and tunnels, four strong arms, antennae 3
a: Dig, Shaft Self, Stop Flying, Renounce Religion, Potion Petition, Call
Merchant, Bribe Branch


You were on level 12 of the Dungeon.
You worshipped Gozag.
Gozag was most pleased with you.
You visited 1 branch of the dungeon, and saw 12 of its levels.

You collected 3627 gold pieces.
You spent 1986 gold pieces at shops.
You paid 35 gold pieces to Gozag.

Inventory:

Hand Weapons
 a - a +0 quarterstaff
 r - a +4 quarterstaff of chaos (weapon)
Missiles
 C - 6 throwing nets
Armour
 i - a +2 pair of gloves (worn)
 s - a +0 cloak of preservation (worn)
 D - a +0 pair of boots of flying (worn)
 F - the cursed +0 ice dragon scales of Ivviuwn (worn) {+Fly rPois rF- rC++}
   (You bought it in a shop on level 7 of the Dungeon)

   It makes you vulnerable to fire.
   It greatly protects you from cold.
   It protects you from poison.
   It lets you fly.
   It has a curse placed upon it.
 T - a +0 kite shield of positive energy (worn)
Jewellery
 k - a ring of positive energy (left hand)
 x - a +6 ring of dexterity (right hand)
 H - an uncursed ring of protection from cold
 I - an uncursed ring of wizardry
 N - an uncursed ring of willpower
 O - an uncursed amulet of faith {unknown}
Wands
 j - a wand of random effects (47)
 n - a wand of digging (5)
 u - a wand of iceblast (5)
 A - a wand of flame (16)
 S - a wand of enslavement (11)
Scrolls
 p - a scroll of enchant armour
 t - 4 scrolls of fog
 y - a scroll of fear
 z - 2 scrolls of amnesia {unknown}
 G - 4 scrolls of identify
 J - a scroll of immolation
 K - 3 scrolls of remove curse
 L - a scroll of magic mapping {unknown}
 Q - a scroll of summoning {unknown}
 R - a scroll of enchant weapon {unknown}
Potions
 b - 2 potions of degeneration
 d - 8 potions of might
 e - 6 potions of lignification
 f - 7 potions of curing
 g - a potion of magic {unknown}
 h - a potion of haste {unknown}
 l - 2 potions of heal wounds
 m - 2 potions of attraction
 o - 3 potions of flight
 q - 3 potions of cancellation
 v - 3 potions of invisibility
 w - 2 potions of mutation
 B - a potion of berserk rage {unknown}
 E - 2 potions of brilliance
 M - 2 potions of ambrosia {unknown}
Miscellaneous
 P - a tin of tremorstones (2/2)


   Skills:
 + Level 12.8 Fighting
 + Level 11.9 Staves
 + Level 11.1 Armour
 - Level 9.0 Shields


You had 11 spell levels left.
You didn't know any spells.
Your spell library contained the following spells:

 Spells                   Type           Power        Failure   Level
 Beastly Appendage        Tmut           0%           69%         1
 Wereblood                Tmut           0%           83%         2
 Spider Form              Tmut/Pois      0%           96%         3
 Ice Form                 Ice/Tmut       0%           100%        4
 Blade Hands              Tmut           0%           100%        5


Dungeon Overview and Level Annotations

Branches:
Dungeon (12/15)            Temple (0/1) D:7            Lair (0/6) D:9
    Orc: D:9-12

Altars:
Cheibriados
Dithmenos
Gozag
Makhleb
Nemelex Xobeh
Okawaru
Sif Muna
Vehumet
Yredelemnul
Beogh

Shops:
D:7 [*(*   D:10 (   D:12 [

Annotations:
D:5 3 runed translucent doors, Hyawatha's ghost, amateur GrMo
D:12 3 runed translucent doors, Gauvater's ghost, journeyman OpEn


Innate Abilities, Weirdness & Mutations

You cannot be hasted, slowed, berserked, paralysed or teleported.
You can dig through walls and to a lower floor.
Your four strong arms can wield two-handed weapons with a shield.
You have a pair of large antennae on your head. (SInv)


Message History

A large slime creature splits.
The slime creature hits you!!
* * * LOW HITPOINT WARNING * * *
The slime creature hits you!!
* * * LOW HITPOINT WARNING * * *
The slime creature barely misses you.
You sock the slime creature!
You kill the slime creature!
You block the slime creature's attack.
The slime creature becomes distracted by the nearby gold, dreaming of imaginary riches.
The slime creature quivers.
Unknown command.
The slime creature is no longer distracted by gold.
You block the slime creature's attack. The slime creature barely misses you.
You block the slime creature's attack.
The slime creature becomes distracted by the nearby gold, dreaming of imaginary riches.
You block the slime creature's attack.
The slime creature is no longer distracted by gold.
The slime creature hits you!!
You die...
Your body crumbles into a pile of gold.

#...#.........#........#$
#+#.###........#####
#...#.....P......# ...
#...#....P∩P.....# ...
#...#.....P[.....# ....
#...#............# .....
#...#...#...#....#
.....#####...#####...#....#
..............JJ@....#....#
.........$...........#....#
.....$...............#....#
.....................#....#
###.....###########+#######
#...... #...... #.......
#######J


You could see 2 slime creatures.

Vanquished Creatures
  2 hydras (D:11)
  A two-headed ogre (D:6)
  The ghost of Raspi the Basher, a novice MiFi of Qazlal (D:9)
  2 wolf spider zombies (D:9)
  Pikel (D:8)
  An ugly thing (D:11)
  A manticore (D:12)
  2 cyclopes
  3 centaur zombies
  A moth of wrath (shapeshifter) (D:7)
  A rust devil (D:8)
  A gargoyle (D:6)
  Maggie (D:7)
  A komodo dragon (D:9)
  A red devil (D:8)
  A troll (D:10)
  2 hellwings (D:9)
  A jumping spider (shapeshifter) (D:11)
  Prince Ribbit (D:6)
  Grinder (D:3)
  A slime creature (D:12)
  Sigmund (D:6)
  A wraith (D:9)
  4 yaks
  5 wyverns
  4 basilisks (D:9)
  A vampire mosquito (D:9)
  Menkaure (D:7)
  An acid dragon (D:6)
  A water moccasin (D:7)
  A swamp drake (D:9)
  5 orc warriors
  An ice beast (D:12)
  4 sky beasts
  A hornet zombie (D:9)
  A necrophage (D:8)
  6 ogres
  4 phantoms
  3 centaurs
  A big kobold (D:12)
  5 bullfrogs
  2 gnoll sergeants
  2 wyvern zombies (D:9)
  5 scorpions
  4 water moccasin skeletons
  11 wights
  3 howler monkeys (D:8)
  A bullfrog zombie (D:10)
  A quasit (D:6)
  6 jellies
  A gnoll shaman (D:5)
  6 orc priests
  Crazy Yiuf (D:2)
  4 centaur skeletons
  7 hounds
  11 orc wizards
  Ijyb (D:4)
  7 iguanas
  8 worker ants
  Natasha (thrice) (D:4)
  A hound zombie (D:7)
  2 hound skeletons
  A howler monkey zombie (D:7)
  30 gnolls
  9 adders
  14 river rats
  9 shadow imps
  8 white imps
  3 ufetubi
  An adder skeleton (D:4)
  6 worms
  3 dart slugs
  6 leopard geckos
  58 orcs
  8 giant cockroaches
  3 goblins
  8 hobgoblins
  11 jackals
  12 quokkas
  A ball python (D:3)
  9 bats
  3 frilled lizards
  18 kobolds
  A quokka skeleton (D:8)
  26 rats
413 creatures vanquished.

Vanquished Creatures (others)
  6 plants
  10 withered plants (D:9)
16 creatures vanquished.

Grand Total: 429 creatures vanquished

Notes
Turn   | Place    | Note
-------+----------+-------------------------------------------
     0 | D:1      | Arum the Formicid Fighter began the quest for the Orb.
     0 | D:1      | Reached XP level 1. HP: 18/18 MP: 1/1
   267 | D:1      | Reached XP level 2. HP: 21/24 MP: 2/2
   753 | D:1      | Reached XP level 3. HP: 29/29 MP: 3/3
  1009 | D:2      | Found a sparkling altar of Nemelex Xobeh.
  1126 | D:2      | Found an opulent altar of Gozag.
  1130 | D:2      | Found a sparkling altar of Nemelex Xobeh.
  1130 | D:2      | Found a basalt altar of Yredelemnul.
  1131 | D:2      | Found a radiant altar of Vehumet.
  1133 | D:2      | Found a shimmering blue altar of Sif Muna.
  1145 | D:2      | Became a worshipper of Gozag Ym Sagoz the Greedy
  1172 | D:2      | Reached XP level 4. HP: 37/37 MP: 4/4
  1622 | D:2      | Found a runed translucent door.
  1623 | D:2      | Noticed Crazy Yiuf
  1632 | D:2      | Killed Crazy Yiuf
  1633 | D:2      | Reached skill level 4 in Fighting
  1633 | D:2      | Reached XP level 5. HP: 30/42 MP: 5/5
  2085 | D:3      | Noticed Grinder
  2107 | D:3      | Killed Grinder
  2108 | D:3      | Reached skill level 5 in Shields
  2108 | D:3      | Reached XP level 6. HP: 36/49 MP: 6/6
  2488 | D:3      | Reached XP level 7. HP: 40/55 MP: 7/7
  2930 | D:4      | Reached skill level 5 in Fighting
  2952 | D:4      | Found a shadowy altar of Dithmenos.
  3003 | D:4      | Reached skill level 5 in Armour
  3318 | D:4      | Noticed Natasha
  3325 | D:4      | Killed Natasha
  3347 | D:4      | Noticed Natasha
  3359 | D:4      | Killed Natasha
  3549 | D:4      | Noticed Ijyb
  3555 | D:4      | Killed Ijyb
  3707 | D:4      | Reached XP level 8. HP: 61/64 MP: 8/8
  3825 | D:4      | Noticed Natasha
  3829 | D:4      | Killed Natasha
  3850 | D:4      | Reached skill level 6 in Fighting
  4176 | D:5      | Entered Level 5 of the Dungeon
  4261 | D:5      | Found a runed translucent gate.
  4261 | D:5      | Found a runed translucent gate.
  4261 | D:5      | Noticed Hyawatha's ghost (amateur GrMo)
  4263 | D:5      | Found a runed translucent gate.
  4285 | D:5      | Reached skill level 5 in Staves
  4555 | D:5      | Found an iron altar of Okawaru.
  5321 | D:5      | Reached skill level 7 in Fighting
  5633 | D:6      | Noticed Prince Ribbit
  5645 | D:6      | Killed Prince Ribbit
  5646 | D:6      | Reached XP level 9. HP: 27/72 MP: 9/9
  5862 | D:6      | Noticed Sigmund
  5870 | D:6      | Killed Sigmund
  6136 | D:6      | Reached skill level 8 in Fighting
  6144 | D:6      | Found a radiant altar of Vehumet.
  6337 | D:6      | Noticed a two-headed ogre
  6356 | D:6      | Killed a two-headed ogre
  6357 | D:6      | Reached XP level 10. HP: 49/82 MP: 10/10
  6368 | D:6      | Noticed a gargoyle
  6380 | D:6      | Killed a gargoyle
  6381 | D:6      | Reached skill level 9 in Fighting
  7012 | D:7      | Found a staircase to the Ecumenical Temple.
  7122 | D:7      | Noticed Harold
  7142 | D:7      | Noticed Harold
  7142 | D:7      | Harold changed into Harold the glowing shapeshifter
  7142 | D:7      | Noticed Harold
  7142 | D:7      | Harold the glowing shapeshifter changed into Harold the
                  | mana viper
  7143 | D:7      | Noticed Harold
  7143 | D:7      | Harold the mana viper changed into Harold the cyclops
  7148 | D:7      | Noticed Harold
  7148 | D:7      | Harold the cyclops changed into Harold the two-headed ogre
  7152 | D:7      | Noticed Harold
  7152 | D:7      | Harold the two-headed ogre changed into Harold the moth of
                  | wrath
  7156 | D:7      | Killed Harold the moth of wrath
  7742 | D:7      | Found Oxosiju's Antique Weapon Boutique.
  7847 | D:7      | Noticed Menkaure
  7852 | D:7      | Killed Menkaure
  8008 | D:7      | Noticed Maggie
  8026 | D:7      | Killed Maggie
  8027 | D:7      | Reached skill level 10 in Fighting
  8299 | D:7      | Found Kuloom's Antique Armour Shop.
  8304 | D:7      | Bought encrusted ice dragon scales for 1560 gold pieces
  8304 | D:7      | Identified the cursed +0 ice dragon scales of Ivviuwn {+Fly
                  | rPois rF- rC++} (You bought it in a shop on level 7 of the
                  | Dungeon)
  8359 | D:7      | Found Susoaluc's Assorted Antiques.
  8362 | D:7      | Bought a glowing red potion for 26 gold pieces
  8362 | D:7      | Bought a scroll labelled XAILADE WUFE for 29 gold pieces
  8362 | D:7      | Bought a scroll of identify for 58 gold pieces
  8362 | D:7      | Bought a fizzy pink potion for 26 gold pieces
  8440 | D:7      | Found Vuciete's Assorted Antiques.
  8444 | D:7      | Bought a glowing red potion for 17 gold pieces
  8573 | D:8      | Reached XP level 11. HP: 91/91 MP: 11/11
  9272 | D:8      | Noticed Pikel
  9280 | D:8      | Killed Pikel
  9471 | D:8      | Reached skill level 10 in Staves
  9531 | D:8      | Found a burning altar of Makhleb.
  9922 | D:9      | Found a snail-covered altar of Cheibriados.
  9967 | D:9      | Reached skill level 11 in Fighting
 10505 | D:9      | Found a runed translucent gate.
 10505 | D:9      | Found a runed translucent gate.
 10506 | D:9      | Noticed Raspi's ghost (novice MiFi)
 10507 | D:9      | Found a runed translucent gate.
 10830 | D:9      | Found a staircase to the Lair.
 10861 | D:9      | Reached XP level 12. HP: 66/100 MP: 12/12
 11264 | D:9      | Killed Raspi's ghost
 11265 | D:9      | Reached skill level 10 in Armour
 11328 | D:10     | Entered Level 10 of the Dungeon
 11360 | D:10     | Found Ceodgh's Antique Weapon Boutique.
 11626 | D:10     | Reached skill level 12 in Fighting
 11880 | D:10     | Found a roughly hewn altar of Beogh.
 12462 | D:11     | Noticed a five-headed hydra
 12473 | D:11     | Killed a five-headed hydra
 13032 | D:11     | Noticed a four-headed hydra
 13048 | D:11     | Killed a four-headed hydra
 13665 | D:12     | Found a runed translucent gate.
 13665 | D:12     | Found a runed translucent gate.
 13665 | D:12     | Found a runed translucent gate.
 13794 | D:12     | Noticed Gauvater's ghost (journeyman OpEn)
 13808 | D:12     | Found Syrang's Antique Armour Shop.
 13816 | D:12     | Bought a glowing kite shield for 270 gold pieces
 13875 | D:12     | Mangled by a slime creature

Illustrated notes

Levels and vault maps discovered:
D:1:      psy_arrival_radial01, layout_basic, nrook_mini_vaults,
          minmay_pentomino_w2
D:2:      layout_rooms, minitemple, nemelex_lonely_heart_becter,
          uniq_crazy_yiuf_cottage
D:3:      layout_loops_ring, portal_sewer_entry_e, minmay_pentangle,
          uniq_grinder
D:4:      layout_loops_corners, lemuel_crystal_altar, uniq_natasha, uniq_ijyb
D:5:      lemuel_ratsnest, layout_loops_cross, serial_co_window_serial,
          co_window_of_opportunity_a, co_window_of_opportunity_a,
          co_window_of_opportunity_a, co_window_paths_a, co_window_paths_a,
          co_window_unsneaky_path_c, co_window_corner_b, co_window_2corner,
          co_window_of_opportunity_c, glass_columns_a, glass_columns_a,
          gammafunk_ghost_split, basic_altar
D:6:      minmay_chambers_of_sixes, layout_basic, vehumet_altar_wand_db,
          uniq_prince_ribbit1, uniq_sigmund
D:7:      cheibrodos_iron_armory, layout_basic, minmay_temple_entry_slanted,
          serial_shops, nicolae_shop_overgrown_old_shop, kennysheep_mini_moat,
          shop_fountains, shop_statue, kennysheep_small_circle, uniq_harold,
          uniq_menkaure, uniq_maggie
D:8:      layout_basic, chequers_jeans, makhleb_blood_cavern_becter, uniq_pikel
D:9:      cheibrodos_grave_circle, layout_small_grid, overflow_temple_1_default,
          erik_lair_dragon, gammafunk_ghost_split, minmay_misc_feat_five,
          abandoned_shop
D:10:     layout_gridville, serial_shops, shop, special_room [special_room_orc]
D:11:     layout_roguey, serial_park_tiny_pond
D:12:     layout_grid_maze, orc_0_dummy, serial_shops,
          nicolae_shop_overgrown_old_shop, gammafunk_ghost_icy

Skill      XL: |  1  2  3  4  5  6  7  8  9 10 11 12 |
---------------+-------------------------------------+-----
Shields        | 4 5 6 8 9 |  9.0
Fighting       | 4 5 7 8 10 11 12 | 12.8
Armour         | 4 5 7 9 11 | 11.1
Staves         | 3 4 6 7 9 10 11 | 11.9

Action                   |  1- 3 |  4- 6 |  7- 9 | 10-12 || total
-------------------------+-------+-------+-------+-------++-------
Melee: Quarterstaff      |    83 |   107 |   301 |   857 ||  1348
 Abil: Dig               |     1 |     1 |     4 |     6 ||    12
Evoke: Wand              |       |       |     2 |    12 ||    14
  Use: Scroll            |       |     7 |       |    11 ||    18
       Potion            |       |       |     1 |     4 ||     5
 Stab: Paralysed         |       |     1 |       |     5 ||     6
       Distracted        |       |       |     1 |     6 ||     7
       Confused          |       |       |     1 |     3 ||     4
       Petrifying        |       |       |       |     2 ||     2
Armor: Scale mail        |    43 |    43 |    75 |    30 ||   191
       Ice dragon scales |       |       |       |   150 ||   150
Dodge: Dodged            |    37 |    21 |    59 |   173 ||   290
Block: Kite shield       |    36 |    54 |   113 |   344 ||   547
